 Dungeon Crawl Stone Soup version 0.29-a0-393-g47a863cc1b (webtiles) character file.

Game seed: 16717490607401036565

6623 croobank the Covert (level 11, -14/87 HPs)
             Began as a Gnoll Delver on May 10, 2022.
             Was an Initiate of Gozag.
             Demolished by a polar bear (16 damage)
             ... on level 1 of the Lair of Beasts.
             The game lasted 00:50:45 (11958 turns).

croobank the Covert (Gnoll Delver)                 Turns: 11958, Time: 00:50:46

Health: -14/87     AC: 12    Str: 13    XL:     11   Next: 2%
Magic:  28/28      EV: 15    Int: 19    God:    Gozag
Gold:   780        SH:  5    Dex: 13    Spells: 6/21 levels left

rFire   . . .      SeeInvis .   a - +4 hand axe (venom)
rCold   . . .      Faith    .   (no shield)
rNeg    . . .      Spirit   .   w - +1 steam dragon scales
rPois   .          Reflect  +   (no helmet)
rElec   .          Harm     .   (no cloak)
rCorr   .          Rampage  .   s - +2 pair of gloves
Will    .....                   d - +1 pair of boots
Stlth   +++++.....              D - amulet of reflection
HPRegen 0.24/turn               p - +6 ring of intelligence
MPRegen 0.21/turn               r - ring of magical power

@: gold aura
A: fangs 1, strong nose, distributed training
a: Renounce Religion, Potion Petition, Call Merchant, Bribe Branch


You were on level 1 of the Lair of Beasts.
You worshipped Gozag.
Gozag was pleased with you.
You visited 3 branches of the dungeon, and saw 10 of its levels.

You collected 1104 gold pieces.
You spent 220 gold pieces at shops.
You paid 104 gold pieces to Gozag.

Inventory:

Hand Weapons
 a - a +4 hand axe of venom (weapon)
 b - a +0 hunting sling
 f - a +0 broad axe
 i - a +1 short sword of draining
 k - a +0 falchion
 v - a +2 dire flail
Missiles
 h - 260 stones
 o - 5 javelins (quivered)
Armour
 d - a +1 pair of boots (worn)
 e - a +1 chain mail of cold resistance
 l - a +0 chain mail
 m - a +3 ring mail
 s - a +2 pair of gloves (worn)
 t - a +0 leather armour
 w - +1 steam dragon scales (worn)
 y - a +2 robe of willpower
Jewellery
 p - a +6 ring of intelligence (left hand)
 r - a ring of magical power (right hand)
 D - an amulet of reflection (around neck)
Wands
 g - a wand of digging (11)
 C - a wand of iceblast (15)
Scrolls
 c - 2 scrolls of fog
 j - 5 scrolls of blinking
 n - 4 scrolls of teleportation
 u - 5 scrolls of poison
 E - 2 scrolls of brand weapon {unknown}
Potions
 q - a potion of lignification
 x - 3 potions of curing
 z - a potion of resistance
 B - a potion of mutation {unknown}


   Skills:
 + Level 8.9 Fighting
 + Level 5.8 Short Blades
 + Level 5.8 Long Blades
 + Level 7.5 Axes
 + Level 5.8 Maces & Flails
 + Level 5.8 Polearms
 + Level 5.8 Staves
 + Level 5.8 Slings
 + Level 5.8 Bows
 + Level 5.8 Crossbows
 + Level 5.8 Throwing
 + Level 5.8 Armour
 + Level 7.5 Dodging
 + Level 11.2 Stealth
 + Level 5.8 Shields
 + Level 5.8 Unarmed Combat
 + Level 5.8 Spellcasting
 + Level 4.8 Conjurations
 + Level 4.8 Hexes
 + Level 4.8 Summonings
 + Level 4.8 Necromancy
 + Level 4.8 Translocations
 + Level 4.8 Transmutations
 + Level 4.8 Fire Magic
 + Level 4.8 Ice Magic
 + Level 4.8 Air Magic
 + Level 4.8 Earth Magic
 + Level 4.8 Poison Magic
 + Level 6.4 Invocations
 + Level 5.8 Evocations


You had 6 spell levels left.
You knew the following spells:

 Your Spells              Type           Power      Damage    Failure   Level
a - Beastly Appendage     Tmut           46%        N/A       1%          1
b - Scorch                Fire           46%        2d7       2%          2
c - Flame Wave            Conj/Fire      23%        2d7       16%         4
d - Fulminant Prism       Conj/Hex       11%        3d9       16%         4
e - Iskenderun's Mystic   Conj/Tloc      23%        2d6       16%         4

Your spell library contained the following spells:

 Spells                   Type           Power      Damage    Failure   Level
 Pain                     Necr           92%        1d8       1%          1
 Sublimation of Blood     Necr           23%        N/A       2%          2
 Wereblood                Tmut           23%        N/A       2%          2
 Spider Form              Tmut/Pois      23%        N/A       4%          3
 Agony                    Necr           23%        N/A       41%         5
 Excruciating Wounds      Necr           11%        N/A       41%         5
 Lee's Rapid Deconstruct  Erth           11%        3d9*      41%         5
 Summon Cactus Giant      Summ           11%        N/A       94%         6
 Summon Hydra             Summ           11%        N/A       100%        7


Dungeon Overview and Level Annotations

Branches:
Dungeon (8/15)             Temple (1/1) D:4            Lair (1/6) D:8

Altars:
Ashenzari
Dithmenos
Elyvilon
Gozag
Kikubaaqudgha
Makhleb
Okawaru
Qazlal
Ru
Sif Muna
Trog
Uskayaw
Vehumet
Xom
Yredelemnul
The Shining One

Shops:
D:4 *   D:6 ((?   D:7 (

Annotations:
D:8 Erica


Innate Abilities, Weirdness & Mutations

You have very sharp teeth.
Your uncanny sense of smell can sniff out nearby items.
Your experience applies equally to all skills.


Message History

The polar bear is moderately wounded.
You block the polar bear's attack.
The polar bear claws you but does no damage.
The polar bear misses you.
You hit the polar bear.
The polar bear looks as sick as possible!
Your bite misses the polar bear.
The polar bear is heavily wounded.
The polar bear barely misses you.
The polar bear claws you but does no damage. x2
The polar bear attacks as you move away!
The polar bear closely misses you.
The polar bear claws you but does no damage.
The polar bear completely misses you.
The polar bear attacks as you move away!
The polar bear misses you. The polar bear closely misses you.
The polar bear completely misses you.
The polar bear is distracted by your dazzling golden aura.
The polar bear is no longer distracted by gold.
You hit the bullfrog but do no damage.
The bullfrog is poisoned.
Your bite misses the bullfrog. The bullfrog closely misses you.
You slash the bullfrog!
The bullfrog looks as sick as possible!
The bullfrog is moderately wounded.
The bullfrog barely misses you. The bullfrog closely misses you.
You hit the bullfrog.
The bullfrog looks as sick as possible!
The bullfrog is severely wounded.
The polar bear goes berserk!
You block the bullfrog's attack. The bullfrog attacks as you move away!
The bullfrog completely misses you.
You kill the bullfrog!
The polar bear bites you!
* * * LOW HITPOINT WARNING * * *
The polar bear claws you but does no damage. x2
The polar bear bites you!
* * * LOW HITPOINT WARNING * * *
The polar bear closely misses you. The polar bear misses you.
You hit the polar bear.
The polar bear is almost dead.
The polar bear bites you!
You die...
Your body crumbles into a pile of gold.

.......... #..#
........... #..##
...........# #...#
.....#####..# ##...#
....####≈#..# #...### .
.....§≈≈≈#..#####..#.#P..
.#..#≈§≈≈≈...............
....#≈≈≈§#......<........
#..###≈#.....h@.....^...
#..........#.###..#P##..
#####....###.###..### . .
##.....###......#
..###..........##.###
...$..#P....#.## ##
#.##..##....###
...$#.##....#
..$##.##....#


You could see a polar bear (berserk, very poisoned).

Vanquished Creatures
  Pikel (D:7)
  Joseph (D:8)
  A cane toad (Lair:1)
  Maggie (D:6)
  A komodo dragon (D:8)
  Eustachio (D:4)
  5 yaks (Lair:1)
  3 wyverns
  Grum (D:8)
  2 steam dragons (D:5)
  Edmund (D:4)
  2 water moccasins (D:7)
  Duvessa (D:7)
  A black bear (D:8)
  An orc warrior (D:8)
  A sky beast (D:8)
  3 ogres
  A wolf (D:8)
  A centaur (D:7)
  A phantom (D:6)
  2 lemures (D:7)
  8 bullfrogs
  2 gnoll sergeants
  2 necrophages
  6 scorpions
  4 wights
  Dowan (D:7)
  2 howler monkeys (D:5)
  An orc priest (D:8)
  3 hounds
  2 jellies
  4 iguanas
  5 orc wizards
  9 adders
  11 gnolls
  2 river rats (D:3)
  A shadow imp (D:8)
  2 white imps
  An ufetubus (D:5)
  2 worms
  3 dart slugs
  13 orcs
  7 endoplasms
  4 giant cockroaches
  A goblin (D:2)
  8 hobgoblins
  4 jackals (D:3)
  4 quokkas
  9 ball pythons
  2 frilled lizards
  7 kobolds
  13 rats
175 creatures vanquished.

Vanquished Creatures (others)
  53 fungi (D:8)
  55 plants
108 creatures vanquished.

Grand Total: 283 creatures vanquished

Notes
Turn   | Place    | Note
-------+----------+-------------------------------------------
     0 | D:5      | Reached skill level 9 in Stealth
     0 | D:5      | croobank the Gnoll Delver began the quest for the Orb.
     0 | D:5      | Reached XP level 1. HP: 23/23 MP: 1/1
    91 | D:4      | Noticed a necrophage
   258 | D:3      | Reached XP level 2. HP: 29/29 MP: 2/2
   619 | D:1      | Reached XP level 3. HP: 28/35 MP: 3/3
   639 | D:1      | Learned a level 1 spell: Beastly Appendage
   642 | D:1      | Learned a level 2 spell: Scorch
   904 | D:1      | Found a faded altar of an unknown god.
  1499 | D:2      | Reached skill level 1 in Invocations
  2831 | D:3      | Reached skill level 1 in Short Blades
  2831 | D:3      | Reached skill level 1 in Long Blades
  2831 | D:3      | Reached skill level 1 in Maces & Flails
  2831 | D:3      | Reached skill level 1 in Polearms
  2831 | D:3      | Reached skill level 1 in Staves
  2831 | D:3      | Reached skill level 1 in Slings
  2831 | D:3      | Reached skill level 1 in Bows
  2831 | D:3      | Reached skill level 1 in Crossbows
  2831 | D:3      | Reached skill level 1 in Throwing
  2831 | D:3      | Reached skill level 1 in Armour
  2831 | D:3      | Reached skill level 1 in Shields
  2831 | D:3      | Reached skill level 1 in Unarmed Combat
  2831 | D:3      | Reached skill level 1 in Spellcasting
  2831 | D:3      | Reached skill level 1 in Evocations
  2861 | D:3      | Reached XP level 4. HP: 37/41 MP: 5/5
  3080 | D:3      | Noticed a scorpion
  3111 | D:3      | Killed a scorpion
  3112 | D:3      | Reached skill level 1 in Conjurations
  3112 | D:3      | Reached skill level 1 in Hexes
  3112 | D:3      | Reached skill level 1 in Summonings
  3112 | D:3      | Reached skill level 1 in Necromancy
  3112 | D:3      | Reached skill level 1 in Translocations
  3112 | D:3      | Reached skill level 1 in Transmutations
  3112 | D:3      | Reached skill level 1 in Fire Magic
  3112 | D:3      | Reached skill level 1 in Ice Magic
  3112 | D:3      | Reached skill level 1 in Air Magic
  3112 | D:3      | Reached skill level 1 in Earth Magic
  3112 | D:3      | Reached skill level 1 in Poison Magic
  3112 | D:3      | Reached XP level 5. HP: 20/47 MP: 5/7
  4172 | D:3      | Reached XP level 6. HP: 39/53 MP: 8/8
  4406 | D:4      | Found a staircase to the Ecumenical Temple.
  4427 | D:4      | Noticed Eustachio
  4436 | Temple   | Entered the Ecumenical Temple
  4530 | Temple   | Became a worshipper of Gozag Ym Sagoz the Greedy
  4618 | D:4      | Noticed Edmund
  4845 | D:4      | Found Liaqivedgh's Neck Hole.
  4987 | D:4      | Found a shadowy altar of Dithmenos.
  5001 | D:4      | Killed Eustachio
  5002 | D:4      | Reached skill level 5 in Axes
  5002 | D:4      | Reached skill level 5 in Dodging
  5188 | D:4      | Reached XP level 7. HP: 51/59 MP: 10/10
  5761 | D:5      | Reached skill level 10 in Stealth
  6368 | D:4      | Killed Edmund
  6369 | D:4      | Reached XP level 8. HP: 35/67 MP: 12/12
  8383 | D:6      | Found Esypait's Antique Weapon Boutique.
  8488 | D:6      | Reached XP level 9. HP: 67/72 MP: 14/14
  8550 | D:6      | Learned a level 4 spell: Flame Wave
  8692 | D:6      | Noticed Maggie
  8721 | D:6      | Killed Maggie
  9012 | D:6      | Found Lakaal's Weapon Shop.
  9164 | D:6      | Found Niuraxt's Magic Scroll Emporium.
  9167 | D:6      | Bought a scroll of enchant armour for 97 gold pieces
  9167 | D:6      | Bought a scroll of identify for 26 gold pieces
  9167 | D:6      | Bought a scroll of enchant weapon for 97 gold pieces
  9943 | D:7      | Found Acsob's Antique Weapon Shop.
  9948 | D:7      | Reached skill level 5 in Invocations
 10032 | D:7      | Noticed Duvessa
 10035 | D:7      | Noticed Dowan
 10043 | D:7      | Killed Duvessa
 10050 | D:7      | Killed Dowan
 10484 | D:7      | Noticed Pikel
 10496 | D:7      | Killed Pikel
 10497 | D:7      | Reached skill level 5 in Short Blades
 10497 | D:7      | Reached skill level 5 in Long Blades
 10497 | D:7      | Reached skill level 5 in Maces & Flails
 10497 | D:7      | Reached skill level 5 in Polearms
 10497 | D:7      | Reached skill level 5 in Staves
 10497 | D:7      | Reached skill level 5 in Slings
 10497 | D:7      | Reached skill level 5 in Bows
 10497 | D:7      | Reached skill level 5 in Crossbows
 10497 | D:7      | Reached skill level 5 in Throwing
 10497 | D:7      | Reached skill level 5 in Armour
 10497 | D:7      | Reached skill level 5 in Shields
 10497 | D:7      | Reached skill level 5 in Unarmed Combat
 10497 | D:7      | Reached skill level 5 in Spellcasting
 10497 | D:7      | Reached skill level 5 in Evocations
 10497 | D:7      | Reached XP level 10. HP: 81/81 MP: 17/17
 10828 | D:8      | Noticed Joseph
 10840 | D:8      | Killed Joseph
 11163 | D:8      | Reached skill level 11 in Stealth
 11717 | D:8      | Learned a level 4 spell: Fulminant Prism
 11739 | D:8      | Learned a level 4 spell: Iskenderun's Mystic Blast
 11764 | D:8      | Found a staircase to the Lair.
 11800 | D:8      | Noticed Grum
 11809 | D:8      | Killed Grum
 11809 | D:8      | Noticed Erica
 11816 | Lair:1   | Entered Level 1 of the Lair of Beasts
 11889 | Lair:1   | Noticed a cane toad
 11935 | Lair:1   | HP: 2/82 [cane toad (15)]
 11937 | Lair:1   | Killed a cane toad
 11938 | Lair:1   | Reached XP level 11. HP: 23/87 MP: 19/19
 11957 | Lair:1   | HP: 2/87 [polar bear (15)]
 11958 | Lair:1   | Demolished by a polar bear

Illustrated notes

Levels and vault maps discovered:
D:1:      mrwooster_arrival_arrow, layout_loops_ring,
          shapermc_ecumenical_altar_starsandcircs, minmay_rat_gold_closets
D:2:      layout_basic, minmay_hedge_maze
D:3:      layout_loops_ring, portal_sewer_entry_e, minmay_misc_feat_rugged
D:4:      layout_loops_ring, mainiacjoe_overflow_alcove_1,
          minmay_temple_entry_grid, nicolae_shop_sticking_my_neck_out,
          uniq_edmund, uniq_eustachio
D:5:      cheibrodos_two_vegetables, layout_loops_ring
D:6:      layout_basic, serial_shops, kennysheep_mini_moat,
          nicolae_shop_behind_doors, nicolae_shop_advertising_works
          [nicolae_subvault_shop_adworks], grunt_decor_fettered,
          minmay_fractal_squares_gapless_5, uniq_maggie
D:7:      layout_cave_pods, serial_shops, nicolae_shop_statue_plus, uniq_pikel,
          uniq_duvessa
D:8:      layout_cave_pools, due_lair_maze_entry_diamond, serial_shops,
          nicolae_shop_temple_entry_statues_fountains, gammafunk_ghost_icy,
          kennysheep_small_square, uniq_erica, uniq_grum, uniq_joseph
Temple:   kilobyte_greek_temple
Lair:1:   layout_gridlike, nicolae_lair_lil_pond

Skill      XL: |  1  2  3  4  5  6  7  8  9 10 |
---------------+-------------------------------+-----
Stealth        | 10 11 | 11.2
Invocations    | 1 2 3 4 5 6 |  6.4
Short Blades   | 1 2 3 5 |  5.8
Long Blades    | 1 2 3 5 |  5.8
Maces & Flails | 1 2 3 5 |  5.8
Polearms       | 1 2 3 5 |  5.8
Staves         | 1 2 3 5 |  5.8
Slings         | 1 2 3 5 |  5.8
Bows           | 1 2 3 5 |  5.8
Crossbows      | 1 2 3 5 |  5.8
Throwing       | 1 2 3 5 |  5.8
Armour         | 1 2 3 5 |  5.8
Shields        | 1 2 3 5 |  5.8
Unarmed Combat | 1 2 3 5 |  5.8
Spellcasting   | 1 2 3 5 |  5.8
Evocations     | 1 2 3 5 |  5.8
Conjurations   | 1 2 3 4 |  4.8
Hexes          | 1 2 3 4 |  4.8
Summonings     | 1 2 3 4 |  4.8
Necromancy     | 1 2 3 4 |  4.8
Translocations | 1 2 3 4 |  4.8
Transmutations | 1 2 3 4 |  4.8
Fire Magic     | 1 2 3 4 |  4.8
Ice Magic      | 1 2 3 4 |  4.8
Air Magic      | 1 2 3 4 |  4.8
Earth Magic    | 1 2 3 4 |  4.8
Poison Magic   | 1 2 3 4 |  4.8
Axes           | 5 6 7 |  7.5
Dodging        | 5 6 7 |  7.5
Fighting       | 7 8 |  8.9

Action                   |  1- 3 |  4- 6 |  7- 9 | 10-12 || total
-------------------------+-------+-------+-------+-------++-------
Melee: Hand axe          |   123 |   172 |   308 |   125 ||   728
       Bite              |    13 |    23 |    33 |    20 ||    89
       Punch             |     2 |     3 |    10 |     7 ||    22
       Kick              |     2 |       |     2 |       ||     4
       Headbutt          |     1 |       |       |       ||     1
Throw: Javelin           |       |     2 |     6 |     4 ||    12
       Throwing net      |       |       |     1 |       ||     1
 Cast: Beastly Appendage |     3 |       |     3 |       ||     6
       Scorch            |       |       |     5 |     5 ||    10
       Flame Wave        |       |       |     1 |     4 ||     5
  Use: Scroll            |     5 |     6 |    10 |       ||    21
       Potion            |       |     4 |     2 |     1 ||     7
 Stab: Sleeping          |    16 |     5 |     4 |     2 ||    27
Armor: Leather armour    |    24 |       |       |       ||    24
       Ring mail         |       |    40 |       |       ||    40
       Chain mail        |       |     8 |   102 |       ||   110
       Steam dragon scal |       |       |    30 |    44 ||    74
Dodge: Dodged            |    68 |    99 |   153 |   100 ||   420
Block: Other             |       |       |       |    20 ||    20

Table legend: (Time is in decaauts)
 A = Elapsed time spent in this place.
 B = Non-inter-level travel time spent in this place.
 C = Inter-level travel time spent in this place.
 D = Time resting spent in this place.
 E = Time spent auto-exploring this place.
 F = Levels seen in this place.
 G = Mean time per level.
                   A        B        C        D        E       F      G
               +--------+--------+--------+--------+--------+-----+--------+
         Total |  11991 |  11677 |    314 |   3550 |   5233 |  10 | 1199.1 |
       Dungeon |  11711 |  11429 |    282 |   3492 |   5124 |   8 | 1463.9 |
        Temple |    126 |     94 |     32 |      0 |     88 |   1 |  126.0 |
          Lair |    152 |    152 |      0 |     58 |     21 |   1 |  152.0 |
               +--------+--------+--------+--------+--------+-----+--------+

Top non-repeatable levels by time:
     D:5: 2122 daAuts
     D:3: 1909 daAuts
     D:4: 1699 daAuts
     D:7: 1420 daAuts
     D:6: 1371 daAuts
     D:1: 1292 daAuts
     D:2: 1125 daAuts
     D:8: 769 daAuts
  Lair:1: 152 daAuts
  Temple: 126 daAuts
